Cogmind - Beta 14 @@@ ROGUE MODE // 2024.10.25 @ 19:06:46 Player: pd-p0l Result: Destroyed by D-53 Grenadier with Mini Grenade Launcher Performance ------------- Evolutions (0) 0 Regions Visited (4) 800 Robots Destroyed (14) 70 Value Destroyed (202) 202 Prototype IDs (23) 460 Alien Tech Used (0) 0 Bonus (300) 300 TOTAL SCORE: 1832 Bonus ------- Aligned with FarCom 300 Cogmind --------- Core Integrity 0/250 Matter 225/300 Energy 100/100 System Corruption 9% Temperature Hot (218) Movement Core (50) Location -9/Mines Parts ------- > --- POWER (1) -------- (None) > --- PROPULSION (2) --- (None) > --- UTILITY (2) ------ (None) > --- WEAPON (2) ------- (None) > --- INVENTORY (5) ---- Light Ion Engine Light Nuclear Core Aluminum Leg Aluminum Leg Cloak of Protection Peak State ------------ > --- POWER ------------ Ion Engine > --- PROPULSION ------- Light Treads Light Treads > --- UTILITY ---------- High-capacity Storage Unit Utility Shielding > --- WEAPON ----------- Heavy Particle Cannon Assault Rifle > --- INVENTORY -------- Light Ion Engine Light Ion Engine Light Nuclear Core Aluminum Leg Aluminum Leg Aluminum Leg Aluminum Leg Large Storage Unit Structural Scanner Improved Sensor Array Improved Terrain Scanner Transport Network Coupler Cloak of Protection Medium Laser Heavy Particle Cannon Light Assault Rifle Light Assault Rifle Grenade Launcher [Rating: 12] Favorites ----------- Power Ion Engine Engine Ion Engine Propulsion Light Treads Treads Light Treads Utility Utility Shielding Device Improved Terrain Scanner Storage High-capacity Storage Unit Protection Utility Shielding Weapon Assault Rifle Energy Gun Medium Laser Energy Cannon Heavy Particle Cannon Ballistic Gun Assault Rifle Launcher Grenade Launcher Build | -11 -10 -10 -10 -9 ------- Run | Yrd Mat Min Exi Min Slots Evolved . | . . . . . Power . | . . . . . Propulsion . | . . . . . Utility . | . . . . . Weapon . | . . . . . Parts Attached 16 | 6 5 1 2 2 Power 1 | 1 . . . . Engine 1 | 1 . . . . Core . | . . . . . Reactor . | . . . . . Propulsion 2 | 2 . . . . Treads 2 | 2 . . . . Leg . | . . . . . Wheel . | . . . . . Hover . | . . . . . Flight . | . . . . . Utility 5 | 1 4 . . . Device 1 | . 1 . . . Storage 3 | 1 2 . . . Processor . | . . . . . Hackware . | . . . . . Protection 1 | . 1 . . . Artifact . | . . . . . Weapon 8 | 2 1 1 2 2 Energy Gun 1 | . 1 . . . Energy Cannon 2 | . . 1 1 . Ballistic Gun 4 | 2 . . 1 1 Ballistic Cannon . | . . . . . Launcher 1 | . . . . 1 Special Weapon . | . . . . . Impact Weapon . | . . . . . Slashing Weapon . | . . . . . Piercing Weapon . | . . . . . Special Melee Weapon . | . . . . . Unidentified Prototypes . | . . . . . Parts Lost 3 | . . . . 3 Power 1 | . . . . 1 Propulsion 1 | . . . . 1 Utility . | . . . . . Weapon 1 | . . . . 1 Highest Loss Streak 3 | . . . . 3 To Critical Strikes . | . . . . . Average Slot Usage (%) 90 | . 98 100 71 76 Engine 13 | . 14 14 14 9 Treads 27 | . 28 28 28 21 Device 1 | . 5 . . . Storage 13 | . 14 14 14 11 Protection 12 | . 7 14 14 11 Energy Gun 2 | . 10 1 . . Energy Cannon 6 | . . 12 . 11 Ballistic Gun 10 | . 17 14 . 4 Peak Build Rating 12 | 6 10 11 12 12 Average Rating 9 | 5 8 10 8 9 On Entrance 6 | . 6 8 8 12 Naked Turns 10 | . . . . 10 Heaviest Build 55 | 13 50 54 54 55 Greatest Support 40 | 40 40 40 40 40 Greatest Overweight (x) 1 | . 1 1 1 1 Average Overweight (x) . | . . 1 1 . Largest Inventory Capacity 20 | 8 20 20 20 20 Average Capacity 18 | 7 14 20 20 17 Most Carried 20 | 8 15 20 20 18 Average Carried 16 | 5 11 18 19 15 Final Capacity 20 | 8 20 20 20 5 Final Carried 20 | 7 15 20 18 5 Class Distribution -------------------- 100% | Mutant Dominant Class ---------------- Mutant | -10/Materials Mutant | -10/Mines Mutant | -10/Exiles Mutant | -9/Mines Resources | -11 -10 -10 -10 -9 ----------- Run | Yrd Mat Min Exi Min Matter Collected 524 | 332 89 103 . . Remotely . | . . . . . Salvage Created 435 | 209 136 86 . 4 Parts 31 | 15 9 7 . . Haulers Intercepted 1 | . 1 . . . Recyclers Shooed 1 | 1 . . . . Parts Field Recycled . | . . . . . Retrieved Matter . | . . . . . Parts Self-Destructed . | . . . . . Prevented . | . . . . . Kills | -11 -10 -10 -10 -9 ------- Run | Yrd Mat Min Exi Min Combat Hostiles Destroyed 7 | . 2 4 . 1 Guns 4 | . 2 2 . . Cannons 3 | . . 2 . 1 Classes Destroyed 7 | 3 2 1 . 1 Worker 1 | 1 . . . . Tunneler 5 | 5 . . . . Hauler 1 | . 1 . . . Recycler 1 | 1 . . . . Swarmer 3 | . . 3 . . Grunt 3 | . 2 1 . . Assembled 1 | . . . . 1 Best Kill Streak 7 | 7 2 2 . 1 Combat Bots Only 2 | . 2 2 . 1 Max Kills in Single Turn 1 | 1 1 1 . 1 Gunslinging . | . . . . . Exploded . | . . . . . Melee . | . . . . . Uniques/NPCs Destroyed . | . . . . . Combat | -11 -10 -10 -10 -9 -------- Run | Yrd Mat Min Exi Min Hostile Shots Fired 51 | . 16 9 . 26 Missed 11 | . 1 2 . 8 Damage Taken 794 | . 216 103 . 475 Core 280 | . 60 14 . 206 Absorbed by Shields . | . . . . . Core Remaining (%) 100 | 100 . . . . Volleys Fired 49 | 18 17 5 . 9 Largest 2 | 2 2 2 . 2 Hottest 105 | 40 70 95 . 105 Shots Fired 95 | 36 34 13 . 12 Gun 79 | 36 34 7 . 2 Cannon 13 | . . 6 . 7 Launcher 3 | . . . . 3 Special . | . . . . . Kinetic 63 | 36 18 7 . 2 Thermal 29 | . 16 6 . 7 Explosive 3 | . . . . 3 Electromagnetic . | . . . . . Robot Hit Streak 13 | 6 13 2 . 1 Robot Miss Streak 4 | 4 1 1 . 2 Penetration Max . | . . . . . Secondary Targets . | . . . . . Shots Hit Robots 50 | 18 25 6 . 1 Core Hits 26 | 9 8 6 . 3 Critical Kills . | . . . . . Critical Parts Destroyed . | . . . . . Critical Strikes . | . . . . . Melee Attacks . | . . . . . Impact . | . . . . . Slashing . | . . . . . Piercing . | . . . . . Sneak Attacks . | . . . . . Combat Hostiles . | . . . . . Follow-up Attacks . | . . . . . Damage Inflicted 876 | 197 347 137 . 195 Guns 564 | 197 334 33 . . Cannons 100 | . . 75 . 25 Explosions 170 | . . . . 170 Melee . | . . . . . Ramming 42 | . 13 29 . . Kinetic 414 | 197 184 33 . . Thermal 250 | . 150 75 . 25 Explosive 170 | . . . . 170 Electromagnetic . | . . . . . Impact . | . . . . . Slashing . | . . . . . Piercing . | . . . . . Highest Corruption 9 | . 4 4 4 9 Average Corruption 4 | . 3 4 4 5 Corruption Purged . | . . . . . Corruption Blocked . | . . . . . Effects 46 | . 5 25 15 1 Message Errors 10 | . 1 6 3 . Matter Fused 10 | . 2 7 1 . Heat Flow Errors 6 | . 1 2 2 1 Energy Discharges 8 | . . 3 5 . Data Loss (minor) 5 | . 1 2 2 . Data Loss (major) 1 | . . . 1 . Misfires 3 | . . 3 . . Alerts 3 | . . 2 1 . Overload Shots . | . . . . . Overflow Damage . | . . . . . Projectiles . | . . . . . Explosions . | . . . . . Melee . | . . . . . Knockbacks . | . . . . . Impact . | . . . . . Kinetic . | . . . . . Secondary . | . . . . . Self-Inflicted Damage . | . . . . . Shots . | . . . . . Rammed 6 | . 1 5 . . Targets Rammed 6 | . 1 5 . . Kicked . | . . . . . Crushed . | . . . . . Highest Temperature 468 | . 198 229 206 468 Average Temperature 99 | . 77 65 111 184 Received Heat Transfer 123 | . 123 . . . Effects 2 | . . . . 2 Interference 2 | . . . . 2 Siege Activations . | . . . . . Robots Corrupted . | . . . . . Combat Hostiles . | . . . . . Parts Fried . | . . . . . Impact Corruptions . | . . . . . Robots Melted . | . . . . . Combat Hostiles . | . . . . . Parts Melted . | . . . . . Heat Transferred 592 | . 444 111 . 37 Parts Sabotaged . | . . . . . Parts Stolen . | . . . . . Parts Stripped . | . . . . . Power Chain Reactions . | . . . . . Alert | -11 -10 -10 -10 -9 ------- Run | Yrd Mat Min Exi Min Peak Influence 132 | 35 132 88 . 17 Initial 22 | . 22 1 . . Average 35 | 14 53 32 . 3 Maximum Alert Level . | . . . . . Low Security (%) 100 | 100 100 100 . 100 Level 1 . | . . . . . Level 2 . | . . . . . Level 3 . | . . . . . Level 4 . | . . . . . Level 5 . | . . . . . High Security . | . . . . . Max Security . | . . . . . Squads Dispatched 1 | . 1 . . . Investigation 1 | . 1 . . . Extermination . | . . . . . Reinforcement . | . . . . . Assault . | . . . . . Garrison . | . . . . . Intercept . | . . . . . Searches Triggered . | . . . . . Construction Impeded . | . . . . . Haulers Reinforced . | . . . . . Active Scanning Responses . | . . . . . Cargo Convoy Interrupts . | . . . . . Stealth | -11 -10 -10 -10 -9 --------- Run | Yrd Mat Min Exi Min Distress Signals . | . . . . . Communications Jammed . | . . . . . Distress Signals . | . . . . . Times Spotted 18 | . 6 5 . 7 Peak Tracking Total 5 | . 2 3 . 5 Tactical Retreats 1 | . . 1 . . Traps | -11 -10 -10 -10 -9 ------- Run | Yrd Mat Min Exi Min Traps Triggered 4 | . 3 1 . . Indirectly . | . . . . . Trap Hack Attempts . | . . . . . Triggered . | . . . . . Disarmed . | . . . . . Reprogrammed . | . . . . . Reused . | . . . . . Traps Extracted . | . . . . . Installed . | . . . . . Triggered . | . . . . . Machines | -11 -10 -10 -10 -9 ---------- Run | Yrd Mat Min Exi Min Machines Disabled . | . . . . . Max in Single Turn . | . . . . . Machines Repaired . | . . . . . Machines Dismantled . | . . . . . Machines Sabotaged . | . . . . . Overloaded Fab Kills . | . . . . . Hacking | -11 -10 -10 -10 -9 --------- Run | Yrd Mat Min Exi Min Machines Accessed 7 | . 4 1 2 . Terminals 4 | . 4 . . . Fabricators . | . . . . . Repair Stations . | . . . . . Recycling Units . | . . . . . Scanalyzers . | . . . . . Garrison Access . | . . . . . Total Hacks 9 | . 6 1 2 . Successful 6 | . 3 1 2 . Failed 3 | . 3 . . . Catastrophic . | . . . . . Database Lockouts . | . . . . . Manual 4 | . 3 . 1 . Terminals 6 | . 6 . . . Fabricators . | . . . . . Repair Stations . | . . . . . Recycling Units . | . . . . . Scanalyzers . | . . . . . Garrison Access . | . . . . . Terminal Hacks 6 | . 3 1 2 . Record 2 | . 1 . 1 . Open Door 1 | . . 1 . . Locate Traps 1 | . 1 . . . Hauler Manifests 1 | . 1 . . . Derelict Proto ID Bank 1 | . . . 1 . Fabricator Hacks . | . . . . . Repair Station Hacks . | . . . . . Recycling Unit Hacks . | . . . . . Scanalyzer . | . . . . . Garrison Access Hacks . | . . . . . Unauthorized Hacks . | . . . . . Terminals . | . . . . . Fabricators . | . . . . . Repair Stations . | . . . . . Recycling Units . | . . . . . Scanalyzers . | . . . . . Garrison Access . | . . . . . Data Cores Recovered . | . . . . . Used . | . . . . . Hacking Detections 4 | . 4 . . . Full Trace Events . | . . . . . Feedback Events . | . . . . . Feedback Blocked . | . . . . . Robot Schematics Acquired . | . . . . . Robots Built . | . . . . . Authchips . | . . . . . Time . | . . . . . Total Robot Build Rating . | . . . . . Part Schematics Acquired . | . . . . . Parts Built . | . . . . . Authchips . | . . . . . Time . | . . . . . Total Part Build Rating . | . . . . . Parts Repaired . | . . . . . Time . | . . . . . Parts Recycled . | . . . . . Recycled Matter . | . . . . . Retrieved Matter . | . . . . . Retrieved Components . | . . . . . Parts Scanalyzed . | . . . . . Part Schematics Acquired . | . . . . . Parts Damaged . | . . . . . Bothacking | -11 -10 -10 -10 -9 ------------ Run | Yrd Mat Min Exi Min Used RIF Installer . | . . . . . Robots Hacked . | . . . . . Non-combat . | . . . . . Combat . | . . . . . Robot Hacks Applied . | . . . . . Relay Couplers Released . | . . . . . Fabnet Peak Effective % . | . . . . . Robots Rewired . | . . . . . Allies Hacked . | . . . . . Hacks Repelled . | . . . . . Allies | -11 -10 -10 -10 -9 -------- Run | Yrd Mat Min Exi Min Total Allies . | . . . . . Largest Group . | . . . . . Highest-Rated Group . | . . . . . Highest-Rated Ally . | . . . . . Total Orders . | . . . . . Ally Attacks . | . . . . . Total Damage . | . . . . . Kills . | . . . . . Allies Corrupted . | . . . . . Allies Melted . | . . . . . Intel | -11 -10 -10 -10 -9 ------- Run | Yrd Mat Min Exi Min Robot Analysis Total . | . . . . . Derelict Logs Recovered 2 | . . 2 . . Drone Launches . | . . . . . Drone Recoveries . | . . . . . Exploration | -11 -10 -10 -10 -9 ------------- Run | Yrd Mat Min Exi Min Turns Passed 2799 | 167 554 1217 801 60 Spaces Moved 1208 | 69 291 488 333 27 Core 27 | 11 . . . 16 Treads 1181 | 58 291 488 333 11 Legs . | . . . . . Wheels . | . . . . . Hover . | . . . . . Flight . | . . . . . Fastest Speed 50 | 50 160 240 240 50 Average Speed 213 | 142 163 240 240 127 Slowest Speed 240 | 160 240 240 240 240 Overloaded Moves . | . . . . . Propulsion Burnouts . | . . . . . Robots Hopped . | . . . . . Cave-ins Triggered . | . . . . . Exploration Rate (%) 39 | 5 43 78 61 8 Regions Visited 4 Branch Regions 3 Pre-discovered Areas 1 | . . . 1 . Known Exits Taken . | . . . . . Unknown Exits Taken 4 | 1 1 1 1 . Scrap Searched . | . . . . . Spaces Dug . | . . . . . Terrain Destroyed 28 | . . 3 . 25 Melee . | . . . . . Projectile 9 | . . 3 . 6 AOE 19 | . . . . 19 Terrain Rammed . | . . . . . Walls Destroyed . | . . . . . Machines Disabled . | . . . . . Actions | -11 -10 -10 -10 -9 --------- Run | Yrd Mat Min Exi Min Total 1336 | 105 335 520 336 40 Wait 18 | . 9 9 . . Move 1204 | 68 290 487 332 27 Hop . | . . . . . Pick Up 33 | 13 11 7 1 1 Fast Attach . | . . . . . Attach 10 | 6 1 . 2 1 Detach 2 | . . 2 . . Swap 6 | . 4 1 . 1 Drop 8 | . 2 4 1 1 Fire 49 | 18 17 5 . 9 Melee . | . . . . . Ram . | . . . . . Kick . | . . . . . Crush 6 | . 1 5 . . Escape Stasis . | . . . . . Rewire . | . . . . . Trap . | . . . . . Miscellaneous . | . . . . . Route ------- -11/Scrapyard -10/Materials -10/Mines (discovered 2 exits: [*Mat] / *Exi) -10/Exiles -9/Mines History --------- Turn | Location | Event 56 | -11/Scrapyard | Discovered new exit (range 15) 168 | -11/Scrapyard | Entered Materials 320 | -10/Materials | Build established: Mutant 679 | -10/Materials | Discovered new exit (range 14) 722 | -10/Materials | Entered Mines 777 | -10/Mines | Met a Derelict bent on vengeance 807 | -10/Mines | Met a Derelict who couldn't figure out how to use a Trap Extractor 971 | -10/Mines | A weapon hastily lodged in a ceiling crevice suddenly fell to the ground 997 | -10/Mines | Discovered new exit (range 14) 1105 | -10/Mines | Learned Materials emergency access door positions 1324 | -10/Mines | Deemed a non-threat by the Exiles lab entrance 1324 | -10/Mines | Discovered new exit (range 5) 1939 | -10/Mines | Entered Exiles 1995 | -10/Exiles | Met 8R-AWN 2038 | -10/Exiles | Met EX-HEX 2131 | -10/Exiles | Met EX-DEC 2223 | -10/Exiles | Learned location of Zion (-6) 2290 | -10/Exiles | Met EX-BIN 2323 | -10/Exiles | Aligned with FarCom system 2326 | -10/Exiles | Given EX-Vault access code 2412 | -10/Exiles | Opened EX-Vault 2497 | -10/Exiles | Found Cloak of Protection 2543 | -10/Exiles | Warned to stay clear of 0b10 Research branches 2707 | -10/Exiles | Discovered new exit (range 15) 2740 | -10/Exiles | Left Exiles lab with Cloak of Protection 2740 | -10/Exiles | Entered Mines 2741 | -9/Mines | Assembled infested the area 2746 | -9/Mines | Assisted by a Guerilla fighting off Assembled 2790 | -9/Mines | Released all parts (5) 2792 | -9/Mines | Core integrity fell below 50% 2798 | -9/Mines | Core integrity fell below 20% 2800 | -9/Mines | Destroyed by D-53 Grenadier with Mini Grenade Launcher Last Messages --------------- 02788_ System corrupted: Heat flow error (+291). 02788_ The unstable cave ceiling collapses. 02789_ Overheating: System interference. 02789_ Hvy. Particle Cannon temporarily disabled. 02789_ Assault Rifle temporarily disabled. 02789_ Ion Engine destroyed. 02789_ System corrupted by crushing effect (+2). 02790_ The unstable cave ceiling collapses. 02790_ Released Hvy. Particle Cannon. 02790_ Released Hcp. Storage Unit. 02790_ Released Utility Shielding. 02790_ Released Lgt. Treads. 02790_ Released Assault Rifle. 02790_ Dropped Lrg. Storage Unit. 02792_ Acquired Cloak of Protection. 02796_ The unstable cave ceiling collapses. 02797_ as-16608 destroyed. 02798_ The unstable cave ceiling collapses. 02798_ as-70205 destroyed. Map ----- +----------------------------------------------------+ | ??????????????????????????????????????????????? | | ??????????????????????????????????????????????? | | ??????????????????????????????????????????????? | | ??????????????????????????????????????????????? | | ??????????????????????????????????????????????? | | ??????????????????????????????????????????????? | | ??????????????????????????????????????????????? | | ??????????????????????????????????????????????? | | ??????????????????????????????????????????????? | | ??????????????????????????????????????????????? | | ??????????????????????????????????????????????? | | ??????????????????????????????????????????????? | | ??????????????? ?????????????????????????????? | | ????????????? #????????????????????????????? | | ???????????? ###?????????????????????????? | | ????????????? ##???????????????????????? | | ?????????????? #???????????????????????? | | ??????????????? #???????????????????????? | | ?????????????### #???????????????????????? | | ?????????##### # #???????????????????????? | | ?????????? ##??????????????????????? | | ???????????? ###????????????????????? | | ?????????????## ?????????????????????? | | ?????????????# d %##????????????????????? | | ??????????????# # ;#????????????????????? | | ?????????????## d @ ###??????????????????? | | ????????????### ##?????????????????? | | ????????????# #?????????????????? | | ????????????## #; #?????????????????? | | ????????????# ## ##?????????????????? | | ????????????#[ ####??????????????????? | | ????????????# ! ##?????????????????????? | | ???????????##] [ ##??????????????????????? | | ??????????##[]!*! #???????????????????????? | | ??????????#=== [ ##???????????????????????? | | ??????????# !! #?????????????????????????? | | ??????????## # ###??????????????????????????? | | ???????????######?????????????????????????????? | | ??????????????????????????????????????????????? | | | | | | | | | | | | | | | | | | | | | | | +----------------------------------------------------+ Best States ------------- Heat Dissipation 25 Energy Generation 10 Energy Capacity 250 Matter Stores 300 Matter Capacity 300 Sight Range 16 Terrain Scan Range 16 Terrain Scan Density 10 Utility Shielding 33 Evasion (%) 50 Recoil Reduction 2 Item Schematics ----------------- None Robot Schematics ------------------ None Fabricated ------------ Nothing Alien Tech Used ----------------- None Achievements -------------- None Challenges ------------ None Game ------ Seed SpacefoldHybridLink Manual? 0 Play Time 00:22:10 Cumulative 15.8 hours Start 2024.10.25 @ 18:46:08 End 2024.10.25 @ 19:06:46 Sessions 1 Manual Loads 0 Difficulty Rogue Special Mode None Game No. 19 Rogue 19 Adventurer 0 Explorer 0 Win Type - Total 0 Types 0/0/0/0/0/0/0/0/0 Lore% 9 Gallery% 17 Achievement% 14 Wizard Run 0 Options --------- Layout 1 ASCII 0 Keyboard 1 Movement Vi Keybinds 0 Fullscreen 1 Font 32/SmallcapsGlow Map View 50x40 Zoom Use 0% Tactical HUD 1 Map Filters NONE Filters NONE Steam 1 RUN: 98378906-eaae-44cd-aaba-f5226f79a441